 Dungeon Crawl Stone Soup version 0.19.1 (webtiles) character file.

606 Faustar the Grappler (level 7, -2/67 HPs)
             Began as a Troll Monk on Dec 21, 2016.
             Slain by a scorpion (8 damage)
             ... on level 4 of the Dungeon.
             The game lasted 00:09:03 (2798 turns).

Faustar the Grappler (Troll Monk)                   Turns: 2798, Time: 00:09:03

Health: -2/67      AC:  8    Str: 20    XL:     7   Next: 19%
Magic:  6/6        EV: 10    Int:  8    God:
Gold:   241        SH:  0    Dex: 12    Spells: 0 memorised, 6 levels left

rFire  . . .     SeeInvis .       - Unarmed
rCold  . . .     Gourm    +     a - +0 robe
rNeg   . . .     Faith    .     (no shield)
rPois  .         Spirit   .     (helmet restricted)
rElec  .         Reflect  .     e - +2 cloak
rCorr  .         Harm     .     (gloves unavailable)
MR     .....                    (boots unavailable)
Stlth  ++........               (no amulet)
                                (no ring)
                                (no ring)

@: no status effects
A: unfitting armour, claws 3, fast metabolism 3, gourmand, regeneration 1,
shaggy fur 1, tough skin 2
a: no special abilities


You were on level 4 of the Dungeon.
You were very full.

You visited 1 branch of the dungeon, and saw 4 of its levels.

You collected 241 gold pieces.

Inventory:

Armour
 a - a +0 robe (worn)
 e - a +2 cloak (worn)
Jewellery
 r - an uncursed amulet of guardian spirit {unknown}
 s - a cursed ring of loudness {unknown}
Wands
 q - a wand of slowing (29/48)
Scrolls
 d - 5 scrolls of remove curse {unknown}
 g - a scroll of recharging {unknown}
 h - 5 scrolls of identify {unknown}
 l - a scroll of amnesia {unknown}
 m - a scroll of immolation {unknown}
 n - 3 scrolls of teleportation {unknown}
 p - a scroll of noise {unknown}
Potions
 c - a potion of brilliance {unknown}
 i - 3 potions of lignification {unknown}
 j - a potion of invisibility {unknown}
 o - a potion of curing {unknown}
Comestibles
 b - 5 bread rations
 f - 2 beef jerkies
 k - 2 meat rations


   Skills:
 + Level 3.1 Fighting
 - Level 2.4 Dodging
 - Level 1.0 Stealth
 - Level 8.0 Unarmed Combat


You had 6 spell levels left.
You didn't know any spells.

Dungeon Overview and Level Annotations

Branches:
Dungeon (4/15)
 Temple: D:4-7

Altars:
Okawaru
Qazlal

Shops:
D:4 [


Innate Abilities, Weirdness & Mutations

You are too large for most types of armour.
You have claws for hands.
Your metabolism is lightning-fast.
You like to eat raw meat.
Your natural rate of healing is unusually fast.
You are covered in fur. (AC +1)
You have very tough skin. (AC +2)


Message History

The ogre is lightly wounded.
The ogre closely misses you.
You barely miss the ogre.
The ogre is lightly wounded.
The ogre hits you with a giant club!
You claw the ogre!
The ogre is heavily wounded.
You barely miss the ogre.
The ogre is heavily wounded.
The ogre hits you with a giant club!!
You scratch the ogre.
The ogre is severely wounded.
The ogre hits you with a giant club!!
* * * LOW HITPOINT WARNING * * *
You are too injured to fight recklessly!
You claw the ogre!
You kill the ogre!
Your Fighting skill increases to level 3!
You barely miss the scorpion. The scorpion stings you!
You die...

#.#......†.........##.#
####.
#...#.........##.#)##.#
#..
#..###........##..#.#.#
#..
#...#......#.###.###))#
#.. #.#..........##.##
##.## #..
#.(..>.#######.# ##.#
#.. ####.###$... ##.##
##.#######.. ####.#
#.....###.###.##........
#....#
#.....s@[..#.##......(..
#.####
#.....###.#.###.........
#.# #.... #...#
#.####.#.. #.# ####
#..## #.# #.#.. #.# #..#
#.# #.#.. #.# ########
##..# #.# #.#.. #.#
#......# ##...## #.#
#.#.. #.###.####.#
#.....###.# #....
#.....# #.###.....)...#
####.


You could see a scorpion.

Vanquished Creatures
  An ogre (D:4)
  A scorpion (D:4)
  2 hounds
  2 orc priests (D:4)
  3 orc wizards (D:3)
  Jessica (D:3)
  Ijyb (D:3)
  2 worker ants (D:4)
  3 gnolls (D:2)
  4 adders
  An ooze (D:4)
  An adder skeleton (D:4)
  5 worms
  6 leopard geckos
  7 orcs
  10 goblins
  4 hobgoblins
  4 jackals (D:2)
  3 quokkas
  4 ball pythons
  8 bats
  2 frilled lizards
  3 kobolds
  A quokka skeleton (D:4)
  7 rats
86 creatures vanquished.

Notes
Turn   | Place    | Note
-------+----------+-------------------------------------------
     0 | D:1      | Faustar the Troll Monk began the quest for the Orb.
     0 | D:1      | Reached XP level 1. HP: 22/22 MP: 0/0
   229 | D:1      | Reached XP level 2. HP: 29/29 MP: 1/1
   717 | D:2      | Reached skill level 4 in Unarmed Combat
   746 | D:2      | Reached XP level 3. HP: 32/36 MP: 2/2
  1024 | D:2      | Reached skill level 5 in Unarmed Combat
  1024 | D:2      | Reached XP level 4. HP: 42/44 MP: 3/3
  1184 | D:2      | Found a stormy altar of Qazlal.
  1632 | D:3      | Noticed Ijyb
  1642 | D:3      | Killed Ijyb
  1655 | D:3      | Reached XP level 5. HP: 50/50 MP: 4/4
  1669 | D:3      | Noticed Jessica
  1678 | D:3      | Killed Jessica
  1678 | D:3      | Reached skill level 6 in Unarmed Combat
  1820 | D:3      | Reached XP level 6. HP: 59/59 MP: 5/5
  1930 | D:3      | Reached skill level 7 in Unarmed Combat
  2148 | D:4      | Found Celeh's Armour Shoppe.
  2554 | D:4      | Reached skill level 8 in Unarmed Combat
  2554 | D:4      | Reached XP level 7. HP: 60/66 MP: 6/6
  2572 | D:4      | Found an iron altar of Okawaru.
  2798 | D:4      | Slain by a scorpion

Skill      XL: |  1  2  3  4  5  6  7 |
---------------+----------------------+-----
Unarmed Combat | 4 5 6 8 |  8.0
Fighting       | 3 |  3.1
Dodging        | |  2.4
Stealth        | |  1.0

Action                   |  1- 3 |  4- 6 |  7- 9 || total
-------------------------+-------+-------+-------++-------
Melee: Unarmed           |    72 |   157 |     9 ||   238
       Punch             |     2 |     3 |       ||     5
 Stab: Sleeping          |     3 |     3 |       ||     6
  Eat: Chunk             |    14 |    13 |     2 ||    29
Armor: Robe              |    19 |    48 |       ||    67
Dodge: Dodged            |    38 |    71 |     1 ||   110
